 Dungeon Crawl Stone Soup version 0.28.0-43-g3370ac3207 (webtiles) character file.

Game seed: 4782135455889524182

8138 demenzo the Spear-Bearer (level 11, -6/68 HPs)
             Began as a Tengu Gladiator on Mar 28, 2022.
             Was an Initiate of Gozag.
             Mangled by an enormous slime creature (58 damage)
             ... on level 10 of the Dungeon.
             The game lasted 00:17:54 (13162 turns).

demenzo the Spear-Bearer (Tengu Gladiator)         Turns: 13162, Time: 00:17:55

Health: -6/68      AC: 26    Str: 20    XL:     11   Next: 26%
Magic:  12/12      EV:  5    Int:  8    God:    Gozag
Gold:   965        SH: 15    Dex: 15    Spells: 10/10 levels left

rFire   + + .      SeeInvis .   a - +1 trident (protect)
rCold   . . .      Faith    .   w - +0 tower shield
rNeg    . . .      Spirit   .   L - +4 plate armour {rF+}
rPois   +          Reflect  .   c - +0 hat
rElec   .          Harm     .   r - +0 cloak
rCorr   .          Rampage  .   (no gloves)
Will    .....                   (boots unavailable)
Stlth   ..........              (no amulet)
HPRegen 0.21/turn               F - ring of poison resistance
MPRegen 0.13/turn               G - ring of protection from fire

@: gold aura, under a protective aura, flying quickly and evasively, quick
A: beak, talons 3, nimble flight
a: Renounce Religion, Potion Petition, Call Merchant, Bribe Branch


You were on level 10 of the Dungeon.
You worshipped Gozag.
Gozag was pleased with you.
You visited 2 branches of the dungeon, and saw 12 of its levels.

You collected 1652 gold pieces.
You spent 565 gold pieces at shops.
You paid 122 gold pieces to Gozag.

Inventory:

Hand Weapons
 a - a +1 trident of protection (weapon)
 e - a +1 dagger of holy wrath
 z - a +0 hunting sling
Missiles
 d - 2 throwing nets
 g - 191 stones
 j - 4 javelins (quivered)
 C - 54 sling bullets
 D - 8 poisoned darts
Armour
 b - a +0 scale mail
 c - a +0 hat (worn)
 r - a +0 cloak (worn)
 t - the +2 ring mail "Ocaohail" {SInv}
   (You found it on level 3 of the Dungeon)

   SInv:      It lets you see invisible.
 w - a +0 tower shield (worn)
 y - an orb of guile
 I - a +0 buckler
 L - a +4 plate armour of fire resistance (worn)
Jewellery
 p - a +6 ring of strength
 F - a ring of poison resistance (left hand)
 G - a ring of protection from fire (right hand)
Wands
 l - a wand of mindburst (5)
 A - a wand of iceblast (10)
 B - a wand of acid (19)
 H - a wand of polymorph (16)
 N - a wand of flame (11)
Scrolls
 f - a scroll of identify
 i - 2 scrolls of blinking
 k - a scroll of enchant weapon
 o - 6 scrolls of teleportation
 q - 3 scrolls of fear
Potions
 h - a potion of cancellation {unknown}
 m - 4 potions of attraction
 n - a potion of haste
 s - 2 potions of mutation
 v - 5 potions of heal wounds
 x - 6 potions of curing
 E - a potion of might
 J - a potion of ambrosia {unknown}
 M - a potion of brilliance


   Skills:
 + Level 8.0 Fighting
 * Level 12.4 Polearms
 - Level 2.0 Throwing
 + Level 8.1 Armour
 - Level 4.0 Dodging
 + Level 7.3 Shields


You had 10 spell levels left.
You didn't know any spells.
Your spell library contained the following spells:

 Spells                   Type           Power      Damage    Failure   Level
 Beastly Appendage        Tmut           0%         N/A       100%        1
 Slow                     Hex            0%         N/A       100%        1
 Summon Small Mammal      Summ           0%         N/A       100%        1
 Ensorcelled Hibernation  Hex/Ice        0%         N/A       100%        2
 Scorch                   Fire           0%         2d5       100%        2
 Sublimation of Blood     Necr           0%         N/A       100%        2
 Call Canine Familiar     Summ           0%         N/A       100%        3
 Ozocubu's Armour         Ice            0%         N/A       100%        3
 Spider Form              Tmut/Pois      0%         N/A       100%        3
 Summon Guardian Golem    Hex/Summ       0%         N/A       100%        3
 Anguish                  Hex/Necr       0%         N/A       100%        4
 Flame Wave               Conj/Fire      0%         2d4       100%        4
 Petrify                  Tmut/Erth      0%         N/A       100%        4
 Irradiate                Conj/Tmut      0%         3d13      100%        5
 Summon Cactus Giant      Summ           0%         N/A       100%        6
 Ozocubu's Refrigeration  Ice            0%         4d5       100%        7


Dungeon Overview and Level Annotations

Branches:
Dungeon (11/15)            Temple (1/1) D:6            Lair (0/6) D:9
    Orc (0/2) D:9

Altars:
Ashenzari
Cheibriados
Dithmenos
Elyvilon
Fedhas
Gozag
Hepliaklqana
Kikubaaqudgha
Makhleb
Nemelex Xobeh
Okawaru
Qazlal
Ru
Sif Muna
Trog
Uskayaw
Vehumet
Wu Jian
Xom
Yredelemnul
Zin
The Shining One

Shops:
D:2 [   D:5 [!

Annotations:
D:9 3 runed translucent doors, Gibbon's ghost, journeyman DrVM; boopmooplesden's ghost, journeyman MiBe; pkoi's ghost, novice DgGl


Innate Abilities, Weirdness & Mutations

You have a beak for a mouth.
You have claws for feet.
Your magical nature lets you fly swiftly and evasively.


Message History

The slime creature is moderately wounded.
The slime creature hits you. The slime creature hits you!
The slime creature quivers.
You puncture the slime creature! You claw the slime creature.
The slime creature is severely wounded.
The slime creature hits you but does no damage.
The slime creature barely misses you.
You puncture the slime creature! You peck the slime creature.
The slime creature is almost dead.
You block the slime creature's attack.
Two slime creatures merge to form a large slime creature.
The slime creature hits you.
You puncture the slime creature!
You kill the slime creature!
Two slime creatures merge to form a very large slime creature.
Your Fighting skill increases to level 8!
You puncture the very large slime creature!
You peck the very large slime creature.
The very large slime creature is lightly wounded.
You puncture the very large slime creature!
You claw the very large slime creature.
The very large slime creature is moderately wounded.
Two slime creatures merge to form an enormous slime creature.
You completely miss the enormous slime creature.
You claw the enormous slime creature!
The enormous slime creature is lightly wounded.
You block the enormous slime creature's attack.
You hit the enormous slime creature.
Your kick misses the enormous slime creature.
You peck the enormous slime creature.
The enormous slime creature is moderately wounded.
The enormous slime creature barely misses you.
You hit the enormous slime creature but do no damage.
You peck the enormous slime creature.
The enormous slime creature is moderately wounded.
The enormous slime creature barely misses you.
The enormous slime creature hits you!!!
Ouch! That really hurt!
You die...
Your body crumbles into a pile of gold.

###### ######### .....#
#.......# ####.# #####
#.#####.# #.#
#########...###.# #.#
####.#
#............##.#####.#
..##.#
#)######...............
#.##.#
#J###.##......#.#####.#
#.##.#
#.##...#........#####.#
.....#
#J#...@.........).....#
#.####
#.##.J.#..##...########
#.# #.###.##......##
#.# #.J......(###.# #
#.# #####.##### #.# #
#.## #.# ##+## # ...#
#.# ##...## # #.##
###.# ##.....## # ###
##.#.# ##.......## ##


You could see an enormous slime creature.

Vanquished Creatures
  A two-headed ogre (D:10)
  2 slime creatures
  A wraith (D:10)
  18 yaks
  A wyvern (D:8)
  2 steam dragons
  A water moccasin (D:6)
  A sky beast (D:6)
  5 ice beasts
  A hornet zombie (D:6)
  3 necrophages
  3 orc warriors
  3 ogres (D:6)
  A phantom (D:5)
  3 centaurs
  A kobold brigand (D:8)
  5 bullfrogs
  A gnoll sergeant (D:5)
  2 scorpions
  A water moccasin skeleton (D:6)
  4 wights (D:7)
  2 howler monkeys
  A crimson imp (D:8)
  2 bullfrog zombies
  5 centaur zombies
  2 hounds
  A jelly (D:7)
  6 orc priests
  2 bullfrog skeletons (D:6)
  2 centaur skeletons
  4 iguanas
  Natasha (thrice) (D:3)
  2 orc wizards
  A hound zombie (D:5)
  A howler monkey zombie (D:9)
  A howler monkey skeleton (D:7)
  6 adders
  4 white imps
  An ufetubus (D:6)
  An adder skeleton (D:4)
  2 dart slugs
  3 worms
  16 orcs
  6 endoplasms
  3 giant cockroaches
  2 goblins
  10 hobgoblins
  2 quokkas
  5 ball pythons
  4 bats
  4 frilled lizards
  12 kobolds
  9 rats
185 creatures vanquished.

Vanquished Creatures (others)
  6 fungi (D:4)
  3 withered plants (D:9)
9 creatures vanquished.

Grand Total: 194 creatures vanquished

Notes
Turn   | Place    | Note
-------+----------+-------------------------------------------
     0 | D:1      | demenzo the Tengu Gladiator began the quest for the Orb.
     0 | D:1      | Reached XP level 1. HP: 12/12 MP: 2/2
    92 | D:1      | Reached XP level 2. HP: 10/17 MP: 3/3
   544 | D:1      | Found a faded altar of an unknown god.
   824 | D:1      | Reached skill level 4 in Polearms
   824 | D:1      | Reached XP level 3. HP: 11/22 MP: 4/4
  1351 | D:2      | Reached XP level 4. HP: 27/27 MP: 5/5
  1384 | D:2      | Found Ocsuxtad's Armour Shop.
  1390 | D:2      | Bought a +0 cloak for 45 gold pieces
  1626 | D:3      | Identified the +2 ring mail "Ocaohail" {SInv}
  1675 | D:3      | Found a radiant altar of Vehumet.
  1889 | D:3      | Found a broken altar of Ashenzari.
  1889 | D:3      | Found a glowing silver altar of Zin.
  2020 | D:3      | Noticed Natasha
  2031 | D:3      | Killed Natasha
  2032 | D:3      | Gained mutation: Your magical nature lets you fly swiftly
                  | and evasively. [Tengu growth]
  2032 | D:3      | Reached XP level 5. HP: 26/32 MP: 6/6
  2195 | D:3      | Noticed Natasha
  2201 | D:3      | Killed Natasha
  2202 | D:3      | Reached skill level 5 in Polearms
  2202 | D:3      | Reached skill level 1 in Armour
  2220 | D:3      | Noticed Natasha
  2234 | D:3      | Killed Natasha
  2235 | D:3      | Reached skill level 1 in Shields
  2930 | D:4      | Noticed an ice beast
  2949 | D:4      | Killed an ice beast
  2950 | D:4      | Reached XP level 6. HP: 11/37 MP: 7/7
  3708 | D:5      | Entered Level 5 of the Dungeon
  4015 | D:5      | Reached skill level 6 in Polearms
  4015 | D:5      | Reached XP level 7. HP: 27/42 MP: 8/8
  4128 | D:5      | Found Firhy's Armour Emporium.
  4397 | D:5      | Found an ornate altar of the Wu Jian Council.
  4520 | D:5      | Found Ewken's Distillery.
  4850 | D:6      | Found a staircase to the Ecumenical Temple.
  4886 | Temple   | Entered the Ecumenical Temple
  5072 | Temple   | Became a worshipper of Gozag Ym Sagoz the Greedy
  5255 | D:6      | Reached skill level 7 in Polearms
  5255 | D:6      | Reached XP level 8. HP: 39/48 MP: 9/9
  5446 | D:6      | Noticed a yak
  5446 | D:6      | Noticed a yak
  5521 | D:6      | Killed a yak
  5534 | D:6      | Killed a yak
  5776 | D:6      | Reached skill level 8 in Polearms
  5898 | D:6      | Reached skill level 5 in Fighting
  6054 | D:6      | Noticed a yak
  6057 | D:6      | Noticed a yak
  6077 | D:5      | Killed a yak
  6229 | D:6      | Killed a yak
  6230 | D:6      | Reached XP level 9. HP: 31/54 MP: 10/10
  6425 | D:6      | Reached skill level 5 in Armour
  6679 | D:5      | Reached skill level 9 in Polearms
  7712 | D:6      | Reached skill level 5 in Shields
  8167 | D:5      | Bought a +2 plate armour of fire resistance for 520 gold
                  | pieces
  8704 | D:6      | Reached skill level 10 in Polearms
  8924 | D:6      | Found a staircase to the Ecumenical Temple.
  9510 | D:7      | Reached XP level 10. HP: 52/61 MP: 11/11
 10719 | D:8      | Reached skill level 11 in Polearms
 11585 | D:9      | Found a staircase to the Orcish Mines.
 11676 | D:8      | Reached XP level 11. HP: 56/67 MP: 12/12
 11780 | D:9      | Found a staircase to the Lair.
 11975 | D:9      | Found a runed translucent gate.
 11975 | D:9      | Found a runed translucent gate.
 11975 | D:9      | Found a runed translucent gate.
 11976 | D:9      | Noticed boopmooplesden's ghost (journeyman MiBe)
 11976 | D:9      | Noticed pkoi's ghost (novice DgGl)
 11976 | D:9      | Noticed Gibbon's ghost (journeyman DrVM)
 12168 | D:10     | Entered Level 10 of the Dungeon
 12170 | D:10     | Found an iron altar of Okawaru.
 12246 | D:10     | Reached skill level 12 in Polearms
 12724 | D:10     | Got An Introduction to Theurgy
 12733 | D:10     | Found a hazy altar of Hepliaklqana.
 12836 | D:10     | Noticed a two-headed ogre
 13035 | D:10     | Killed a two-headed ogre
 13162 | D:10     | Mangled by an enormous slime creature

Illustrated notes

Levels and vault maps discovered:
D:1:      dpeg_arrival_three_bigger_balls, layout_basic,
          ebering_ecumenical_altar_hall
D:2:      layout_rooms, serial_shops, shop, minmay_tetromino_i2
D:3:      layout_basic, nicolae_vehumet_radiance,
          mainiacjoe_overflow_large_starburst, roderic_roman_lattice,
          grunt_decor_one_mirror, uniq_natasha
D:4:      layout_basic, serial_aquarium, aquarium_bridge_square
          [aquarium_subvault_wall, aquarium_subvault_bridge,
          aquarium_subvault_window, aquarium_subvault_window],
          aquarium_window_2, aquarium_window_2, aquarium_window_corner,
          aquarium_view_2c
D:5:      layout_loops_ring, lemuel_doored_altar, serial_shops,
          nicolae_shop_stone, nicolae_shop_statue_plus
D:6:      wad_guarded_room, layout_basic
D:7:      layout_loops_corners
D:8:      layout_basic, minmay_fire_ice_demons
D:9:      layout_cross, lair_entry_dummy, orc_0_dummy, gammafunk_ghost_cemetery
D:10:     layout_loops_corners, okawaru_ov_weapons_minmay,
          mainiacjoe_overflow_tiny_flanked, chequers_serial_rivers_room_b
D:11:     layout_cave_pods, nicolae_dithmenos_through_a_glass_darkly
Temple:   eino_temple_rhombus

Skill      XL: |  1  2  3  4  5  6  7  8  9 10 11 |
---------------+----------------------------------+-----
Polearms       | 4 5 6 7 8 10 11 12 | 12.4
Dodging        | 4 |  4.0
Fighting       | 3 4 5 6 7 8 |  8.0
Armour         | 2 3 4 6 7 8 |  8.1
Shields        | 1 2 3 4 5 6 7 |  7.3
Throwing       | |  2.0

Action                   |  1- 3 |  4- 6 |  7- 9 | 10-12 || total
-------------------------+-------+-------+-------+-------++-------
Melee: Trident           |    91 |   126 |   287 |   315 ||   819
       Kick              |    14 |    19 |    91 |    92 ||   216
       Peck              |     7 |    18 |    57 |    68 ||   150
       Punch             |       |       |     3 |       ||     3
Throw: Throwing net      |       |     1 |       |       ||     1
       Javelin           |       |     3 |    16 |       ||    19
  Use: Scroll            |       |       |     5 |    13 ||    18
 Stab: Sleeping          |     2 |       |       |       ||     2
       Distracted        |       |       |       |     2 ||     2
Armor: Leather armour    |    13 |       |       |       ||    13
       Ring mail         |       |    19 |    45 |       ||    64
       Plate armour      |       |       |    20 |   104 ||   124
Dodge: Dodged            |    52 |    45 |   118 |    67 ||   282
Block: Buckler           |       |       |    12 |    43 ||    55
       Tower shield      |       |       |       |    11 ||    11
